[Event "Stadtmeisterschaft Ulm/Neu-Ulm 2009"]
[Site "Ulm"]
[Date "2009.09.18"]
[Round "1"]
[White "Anistratov, Dimitrij"]
[Black "Jahn, Manfred"]
[Result "1-0"]
[ECO "E06"]
[WhiteElo "2274"]
[BlackElo "1689"]
[Annotator "Fred"]
[PlyCount "137"]
[EventDate "2009.??.??"]
[TimeControl "40/5400+30:0"]

1. Nf3 d5 2. g3 c5 3. Bg2 Nc6 4. d4 e6 5. O-O Nf6 6. c4 Be7 7. Nc3 dxc4 8. Qa4
O-O 9. dxc5 Qa5 10. Qxc4 Qxc5 11. Qxc5 Bxc5 12. Bf4 Re8 13. Rac1 e5 14. Bg5 Re6
15. Bxf6 gxf6 16. Ne4 Bd4 17. Bh3 Re7 18. Bxc8 Rxc8 19. Nxf6+ Kg7 20. Nxd4 exd4
21. Nh5+ Kg8 22. Nf4 Rce8 23. Nd5 Rxe2 24. Nf6+ Kf8 25. Nxe8 Kxe8 26. Rfe1 d3
27. Rxe2+ dxe2 28. f3 Ne5 29. Re1 Nxf3+ 30. Kf2 Nxe1 31. Kxe1 Ke7 32. Kxe2 Ke6
33. a3 a6 34. a4 a5 35. h3 h6 36. Kd3 Kd5 37. g4 f6 38. b3 b6 39. Ke3 Ke5 40.
h4 f5 41. Kf3 Kf6 42. Kf4 fxg4 43. Kxg4 Kg6 44. h5+ Kg7 45. Kf3 Kf7 46. Ke3 Ke7
47. Kd3 Kd7 48. Kc3 Kc7 49. b4 Kd6 50. bxa5 bxa5 51. Kd4 Kc6 52. Kc4 Kb6 53.
Kd5 Kc7 54. Kc5 Kb7 55. Kb5 Ka7 56. Kxa5 Kb7 57. Kb5 Ka7 58. Kc5 Ka6 59. Kd5
Ka5 60. Ke6 Kxa4 61. Kf6 Kb4 62. Kg6 Kc4 63. Kxh6 Kd4 64. Kg6 Ke4 65. h6 Kd4
66. h7 Ke4 67. h8=Q Kd5 68. Kf5 Kc4 69. Ke4 1-0

[Event "Stadtmeisterschaft Ulm/Neu-Ulm 2009"]
[Site "Ulm"]
[Date "2009.09.18"]
[Round "1"]
[White "Schmidt, Waldemar"]
[Black "Schulze, Andreas"]
[Result "1/2-1/2"]
[ECO "A45"]
[WhiteElo "1689"]
[BlackElo "2181"]
[Annotator ",Fred"]
[PlyCount "81"]
[EventDate "2009.??.??"]
[TimeControl "40/5400+30:0"]

1. d4 Nf6 2. Bg5 Ne4 3. Bf4 d5 4. Nd2 e6 5. e3 Bd6 6. Bxd6 Qxd6 7. c3 O-O 8.
Bd3 f5 9. f4 c5 10. Ngf3 Nc6 11. O-O cxd4 12. cxd4 Bd7 13. Ne5 Nxe5 14. fxe5
Qe7 15. Qe2 a6 16. Rac1 Rac8 17. Nxe4 fxe4 18. Rxf8+ Rxf8 19. Bc2 Qb4 20. Bb3
Bb5 21. Qc2 Bd3 22. Qc3 Qe7 23. Bc2 Qg5 24. Qd2 Bb5 25. a4 Bc6 26. Rf1 Rxf1+
27. Kxf1 Qe7 28. Kg1 g6 29. Bd1 h5 30. h3 Be8 31. Qc3 Bc6 32. Qd2 Qe8 33. Qc2
Kg7 34. Qf2 Qe7 35. Qe1 Be8 36. Qc3 g5 37. Qd2 Qf7 38. Qf2 Qg6 39. g4 hxg4 40.
hxg4 Bc6 41. Kg2 1/2-1/2

[Event "Stadtmeisterschaft Ulm/Neu-Ulm 2009"]
[Site "Ulm"]
[Date "2009.09.18"]
[Round "1"]
[White "Krassowizkij, Jaroslaw"]
[Black "Späth, Gerhard"]
[Result "1-0"]
[ECO "C70"]
[WhiteElo "2110"]
[BlackElo "1683"]
[Annotator "Fred"]
[PlyCount "61"]
[EventDate "2009.??.??"]
[TimeControl "40/5400+30:0"]

1. e4 e5 2. Nf3 Nc6 3. Bb5 a6 4. Ba4 b5 5. Bb3 d6 6. a4 Bb7 7. d3 Be7 8. Nc3 b4
9. Nd5 Nf6 10. a5 Rb8 11. O-O O-O 12. Bd2 Bc8 13. h3 h6 14. Qe1 Nh5 15. Nxb4
Nxb4 16. Bxb4 Nf4 17. Bd2 Nxd3 18. Qe2 Nc5 19. Bc4 Rxb2 20. Be3 Ne6 21. Bxa6
Bxa6 22. Qxa6 Rxc2 23. Rfb1 Qa8 24. Qd3 Qc6 25. a6 Ra8 26. a7 Kh7 27. Rb8 Nf4
28. Bxf4 exf4 29. Rxa8 Rc3 30. Rh8+ Kxh8 31. a8=Q+ 1-0

[Event "Stadtmeisterschaft Ulm/Neu-Ulm 2009"]
[Site "Ulm"]
[Date "2009.09.18"]
[Round "1"]
[White "Kromer, Thomas"]
[Black "Schwab, Matthias"]
[Result "0-1"]
[ECO "E32"]
[WhiteElo "1676"]
[BlackElo "2047"]
[Annotator ",Fred"]
[PlyCount "74"]
[EventDate "2009.??.??"]
[TimeControl "40/5400+30:0"]

1. d4 Nf6 2. c4 e6 3. Nc3 Bb4 4. Qc2 O-O 5. Bg5 h6 6. Bh4 c5 7. Nf3 Nc6 8. d5
Nd4 9. Nxd4 cxd4 10. a3 Be7 11. Ne4 Nxd5 12. Bxe7 Nxe7 13. Nd6 Nc6 14. g3 Qa5+
15. Qd2 Qc5 16. Ne4 Qxc4 17. e3 dxe3 18. Qxe3 Qd4 19. Qxd4 Nxd4 20. Rd1 e5 21.
Nd6 Nf3+ 22. Ke2 Nd4+ 23. Ke3 b6 24. Bg2 Rb8 25. f4 f6 26. Bd5+ Kh7 27. b4 g6
28. g4 Ba6 29. fxe5 fxe5 30. Ke4 Be2 31. Rc1 Bf3+ 32. Kxe5 Bxh1 33. Bxh1 Ne6
34. Bd5 Rf2 35. Bxe6 Re2+ 36. Ne4 Re8 37. Kd4 Rxe6 0-1

[Event "Stadtmeisterschaft Ulm/Neu-Ulm 2009"]
[Site "Ulm"]
[Date "2009.09.18"]
[Round "1"]
[White "Smolny, Frieder"]
[Black "Geisdorf, Uwe"]
[Result "1-0"]
[ECO "D85"]
[WhiteElo "1970"]
[BlackElo "1664"]
[Annotator ",Fred"]
[PlyCount "85"]
[EventDate "2009.??.??"]
[TimeControl "40/5400+30:0"]

1. d4 Nf6 2. c4 g6 3. Nc3 d5 4. cxd5 Nxd5 5. e4 Nxc3 6. bxc3 c5 7. Be3 Bg7 8.
Qd2 Qa5 9. Rb1 cxd4 10. cxd4 Qxd2+ 11. Kxd2 O-O 12. Nf3 Rd8 13. Bd3 Nc6 14. d5
Ne5 15. Nxe5 Bxe5 16. f4 Bg7 17. Bc5 Bf8 18. Ke3 b6 19. Bd4 Bb7 20. g4 Rac8 21.
Rbc1 Bg7 22. Rc4 Rxc4 23. Bxc4 Bxd4+ 24. Kxd4 Kg7 25. Rc1 Rc8 26. Rc3 a6 27. a4
Rb8 28. Bd3 Rc8 29. Rb3 b5 30. axb5 axb5 31. Bxb5 Rc1 32. Bd7 Bc8 33. Bxc8 Rxc8
34. Rb7 Kf8 35. e5 Ke8 36. d6 exd6 37. exd6 Rc1 38. Re7+ Kf8 39. Rc7 Rd1+ 40.
Ke5 Re1+ 41. Kd5 Rd1+ 42. Kc6 Rd2 43. Rc8+ 1-0

[Event "Stadtmeisterschaft Ulm/Neu-Ulm 2009"]
[Site "Ulm"]
[Date "2009.09.18"]
[Round "1"]
[White "Frühsorger, Dieter"]
[Black "Wolf, Rainer"]
[Result "1-0"]
[ECO "B00"]
[WhiteElo "1683"]
[BlackElo "1995"]
[Annotator ",Fred"]
[PlyCount "87"]
[EventDate "2009.??.??"]
[TimeControl "40/5400+30:0"]

1. e4 Nc6 2. Nf3 g6 3. d4 Bg7 4. Bc4 e6 5. Nc3 Nge7 6. O-O d5 7. exd5 exd5 8.
Bb3 O-O 9. h3 Be6 10. Bf4 a6 11. Re1 Nf5 12. Ne2 h6 13. c3 Qd7 14. Ng3 g5 15.
Nxf5 Bxf5 16. Ne5 Nxe5 17. Bxe5 Rfe8 18. Bxg7 Kxg7 19. Qd2 c6 20. Rxe8 Rxe8 21.
Re1 Re6 22. Rxe6 Qxe6 23. Qe3 Qxe3 24. fxe3 Bb1 25. a3 b5 26. a4 Kg6 27. Kf2 h5
28. axb5 axb5 29. Bd1 f5 30. Kg3 Be4 31. h4 Bd3 32. Kh3 f4 33. exf4 gxf4 34. g3
Bf1+ 35. Kh2 b4 36. cxb4 Kf5 37. Bxh5 Ke4 38. Be8 f3 39. Kg1 Bh3 40. Kf2 Bg4
41. Bxc6 Kxd4 42. b5 Kc5 43. b4+ Kb6 44. Bxd5 1-0

[Event "Stadtmeisterschaft Ulm/Neu-Ulm 2009"]
[Site "Ulm"]
[Date "2009.09.18"]
[Round "1"]
[White "Mayer, Arnd"]
[Black "Rix, Michael"]
[Result "1-0"]
[ECO "D02"]
[WhiteElo "1948"]
[BlackElo "1645"]
[Annotator ",Fred"]
[PlyCount "25"]
[EventDate "2009.??.??"]
[TimeControl "40/5400+30:0"]

1. d4 Nf6 2. Nf3 e6 3. Bf4 d5 4. e3 Be7 5. Bd3 O-O 6. Nbd2 b6 7. Ne5 Bb7 8. Qf3
Nbd7 9. c3 Rc8 10. Qh3 c5 11. g4 cxd4 12. exd4 Ne4 13. Nxd7 1-0

[Event "Stadtmeisterschaft Ulm/Neu-Ulm 2009"]
[Site "Ulm"]
[Date "2009.09.18"]
[Round "1"]
[White "Förderreuther, Jonas"]
[Black "Gebhardt, Uwe"]
[Result "1/2-1/2"]
[ECO "A42"]
[WhiteElo "1623"]
[BlackElo "1941"]
[Annotator ",Fred"]
[PlyCount "90"]
[EventDate "2009.??.??"]
[TimeControl "40/5400+30:0"]

1. d4 g6 2. c4 Bg7 3. Nc3 d6 4. e4 Nc6 5. Be3 e5 6. d5 Nce7 7. Bd3 f5 8. f3 Nf6
9. Nge2 O-O 10. c5 f4 11. Bf2 g5 12. Rc1 Ng6 13. cxd6 cxd6 14. Nb5 Rf7 15. Qc2
Ne8 16. b4 g4 17. fxg4 Bxg4 18. Nec3 a6 19. Na7 Qb8 20. b5 Rxa7 21. Bxa7 Qxa7
22. Qf2 Qxf2+ 23. Kxf2 f3 24. g3 Bh6 25. Rc2 Bh3 26. Bf1 Bxf1 27. Rxf1 Nf6 28.
h3 Nd7 29. bxa6 bxa6 30. Na4 Ne7 31. Rd1 Nf6 32. Nc3 Bg5 33. Rd3 Nexd5 34. Rxd5
Rc7 35. Rd3 Nxe4+ 36. Kxf3 d5 37. Rxd5 Nxc3 38. Rxe5 Bf6 39. Re6 Bd4 40. Rxa6
Rf7+ 41. Kg2 Nd5 42. Re2 Ne3+ 43. Kh2 Nf1+ 44. Kg2 Ne3+ 45. Kh2 Nf1+ 1/2-1/2

[Event "Stadtmeisterschaft Ulm/Neu-Ulm 2009"]
[Site "Ulm"]
[Date "2009.09.18"]
[Round "1"]
[White "Schmid, Franz"]
[Black "Goda, Frederic"]
[Result "1/2-1/2"]
[ECO "E67"]
[WhiteElo "1928"]
[BlackElo "1605"]
[Annotator ",Fred"]
[PlyCount "106"]
[EventDate "2009.??.??"]
[TimeControl "40/5400+30:0"]

1. c4 Nf6 2. g3 d6 3. Bg2 g6 4. Nc3 Bg7 5. d4 O-O 6. Nf3 Nbd7 7. O-O c6 8. e4
Rb8 9. Re1 e5 10. Bg5 exd4 11. Qxd4 Qc7 12. Rad1 Nd5 13. Nxd5 cxd5 14. Qxd5 Nb6
15. Qxd6 Qxd6 16. Rxd6 Nxc4 17. Rd3 Nxb2 18. Ra3 a5 19. Bf4 Ra8 20. Nd2 Be6 21.
e5 Rfd8 22. Bf1 Bf8 23. Rc3 Bb4 24. Rc2 Nd3 25. Bxd3 Rxd3 26. Rec1 Rad8 27. Nf1
Bh3 28. Bh6 Rd1 29. Rxd1 Rxd1 30. Rc1 Rxc1 31. Bxc1 Be6 32. a3 Bc3 33. f4 f6
34. exf6 Kf7 35. Ne3 Kxf6 36. Kf1 Kf7 37. Ke2 Ke8 38. Kd3 Bg7 39. g4 Kd7 40. h3
b5 41. Bd2 Bf8 42. Bxa5 Bxa3 43. Nc2 Bc1 44. Ke4 Bb2 45. Bb4 Bc4 46. f5 Bf1 47.
fxg6 hxg6 48. h4 Bh3 49. Kf4 Bc1+ 50. Kg3 Bf1 51. Kf3 Ke6 52. Ke4 Bg2+ 53. Kd3
Kd5 1/2-1/2

[Event "Stadtmeisterschaft Ulm/Neu-Ulm 2009"]
[Site "Ulm"]
[Date "2009.09.18"]
[Round "1"]
[White "Goda, Robert-René"]
[Black "Geutebrück, Sebastian"]
[Result "1/2-1/2"]
[ECO "D02"]
[WhiteElo "1544"]
[BlackElo "1922"]
[Annotator ",Fred"]
[PlyCount "107"]
[EventDate "2009.??.??"]
[TimeControl "40/5400+30:0"]

1. d4 d5 2. Bf4 c6 3. Nf3 Nf6 4. e3 Qb6 5. Qc1 Bf5 6. Be2 e6 7. h3 Na6 8. c3
Be7 9. O-O O-O 10. Nbd2 Nc7 11. Nh4 Ne4 12. Nxf5 exf5 13. c4 Ne6 14. Bh2 Qb4
15. Nxe4 fxe4 16. Qc2 Bd6 17. Bxd6 Qxd6 18. cxd5 cxd5 19. Qb3 f5 20. f4 Rf7 21.
Rac1 h6 22. Bh5 Rd7 23. Bg6 Nxd4 24. exd4 Qxg6 25. Rc5 Qe6 26. Rfc1 e3 27. Re1
Re8 28. Rc3 Qe4 29. g3 Qxd4 30. Rcxe3 Rde7 31. Kf2 Rxe3 32. Rxe3 Qxe3+ 33. Qxe3
Rxe3 34. Kxe3 Kf7 35. Kd4 Ke6 36. Kc5 g5 37. h4 gxh4 38. gxh4 b6+ 39. Kd4 h5
40. b4 a6 41. a3 Kd6 42. Kc3 a5 43. Kd3 axb4 44. axb4 Kc6 45. Kd4 Kb5 46. Kxd5
Kxb4 47. Ke5 Kc4 48. Kxf5 b5 49. Kg5 b4 50. f5 b3 51. f6 b2 52. f7 b1=Q 53.
f8=Q Qh7 54. Qf4+ 1/2-1/2

[Event "Stadtmeisterschaft Ulm/Neu-Ulm 2009"]
[Site "Ulm"]
[Date "2009.09.18"]
[Round "1"]
[White "Hartmann, Thomas"]
[Black "Zahn, Achim"]
[Result "1-0"]
[ECO "D36"]
[WhiteElo "1871"]
[BlackElo "1538"]
[Annotator ",Fred"]
[PlyCount "45"]
[EventDate "2009.??.??"]
[TimeControl "40/5400+30:0"]

1. d4 d5 2. c4 e6 3. Nc3 Nf6 4. cxd5 exd5 5. Bg5 Be7 6. Qc2 c6 7. e3 O-O 8. Bd3
h6 9. Bh4 Re8 10. Nge2 Ne4 11. Bxe7 Qxe7 12. Bxe4 dxe4 13. Ng3 f5 14. O-O Be6
15. b3 Nd7 16. f3 Bd5 17. Nxf5 Qg5 18. fxe4 Be6 19. Rae1 Bxf5 20. Rxf5 Qe7 21.
e5 Nb6 22. Ref1 Rac8 23. Qf2 1-0

[Event "Stadtmeisterschaft Ulm/Neu-Ulm 2009"]
[Site "Ulm"]
[Date "2009.09.18"]
[Round "1"]
[White "Radovic, Miodrag"]
[Black "Grosse, Manfred"]
[Result "0-1"]
[ECO "B01"]
[WhiteElo "1506"]
[BlackElo "1853"]
[Annotator ",Fred"]
[PlyCount "60"]
[EventDate "2009.??.??"]
[TimeControl "40/5400+30:0"]

1. e4 d5 2. exd5 Qxd5 3. Nc3 Qd6 4. d4 Nf6 5. Nf3 c6 6. Bc4 Bg4 7. Bxf7+ Kxf7
8. Ne5+ Qxe5+ 9. dxe5 Bxd1 10. Nxd1 Nd5 11. c4 Nb4 12. Ne3 Nd3+ 13. Ke2 Nxc1+
14. Raxc1 e6 15. a3 Be7 16. c5 Bg5 17. g3 Bxe3 18. Kxe3 a5 19. Rhd1 Ke7 20. f4
Na6 21. g4 Rad8 22. Rd6 Nc7 23. f5 exf5 24. gxf5 Rhf8 25. Rf1 Nb5 26. f6+ gxf6
27. Rxd8 Kxd8 28. exf6 Kd7 29. Rg1 Rf7 30. Rg7 Ke6 0-1

[Event "Stadtmeisterschaft Ulm/Neu-Ulm 2009"]
[Site "Ulm"]
[Date "2009.09.18"]
[Round "1"]
[White "Heinrich, Klaus"]
[Black "Lell, Stephan"]
[Result "1-0"]
[ECO "A02"]
[WhiteElo "1829"]
[BlackElo "1494"]
[Annotator ",Fred"]
[PlyCount "115"]
[EventDate "2009.??.??"]
[TimeControl "40/5400+30:0"]

1. f4 e5 2. fxe5 d6 3. Nf3 Nc6 4. e4 dxe5 5. c3 Bg4 6. b4 a6 7. Bc4 Bxf3 8.
Qxf3 Qh4+ 9. g3 Qf6 10. Qg2 Qd6 11. Ba3 b5 12. Be2 Nf6 13. d3 Be7 14. Nd2 Qd8
15. Bb2 O-O 16. a3 Re8 17. h3 Bf8 18. g4 g6 19. h4 Re7 20. Nf3 Bg7 21. h5 Qf8
22. Qh3 gxh5 23. g5 h6 24. gxf6 Bxf6 25. Qxh5 Bg7 26. Nh4 Re6 27. Rg1 Kh8 28.
Nf5 Rg6 29. Rxg6 fxg6 30. Qxg6 Ne7 31. Qxg7+ Qxg7 32. Nxg7 Kxg7 33. c4 Kf6 34.
d4 Nc6 35. dxe5+ Nxe5 36. cxb5 axb5 37. Bxb5 Ke6 38. Bxe5 Kxe5 39. Ke2 Rh8 40.
Ke3 h5 41. Bd7 h4 42. Rh1 Kd6 43. Bh3 Ra8 44. Rd1+ Ke5 45. Rd5+ Kf6 46. e5+ Kg6
47. Ra5 Re8 48. Ke4 Rh8 49. Ra7 c6 50. Ra6 Kf7 51. Rxc6 Ra8 52. Rc3 Rb8 53. Kf5
Re8 54. Re3 Ke7 55. a4 Ra8 56. a5 Rb8 57. Re4 Rf8+ 58. Kg5 1-0

[Event "Stadtmeisterschaft Ulm/Neu-Ulm 2009"]
[Site "Ulm"]
[Date "2009.09.18"]
[Round "1"]
[White "Ziad, Amar"]
[Black "Hoffart, Alexander"]
[Result "0-1"]
[ECO "D15"]
[WhiteElo "1488"]
[BlackElo "1828"]
[Annotator ",Fred"]
[PlyCount "62"]
[EventDate "2009.??.??"]
[TimeControl "40/5400+30:0"]

1. d4 d5 2. Nf3 Nf6 3. c4 c6 4. Nc3 dxc4 5. e3 b5 6. Qc2 e6 7. a3 Be7 8. Be2
O-O 9. O-O Nbd7 10. Rd1 Bb7 11. e4 Qc7 12. Ng5 e5 13. d5 h6 14. Nf3 Rfd8 15. b3
cxb3 16. Qxb3 Nc5 17. Qc2 a6 18. Bb2 cxd5 19. Nxd5 Bxd5 20. Bxe5 Bxe4 21. Bxc7
Bxc2 22. Rxd8+ Bxd8 23. Bxd8 Rxd8 24. Rc1 Bd3 25. Bxd3 Rxd3 26. h3 Ncd7 27.
Rc8+ Kh7 28. Rd8 Rxa3 29. Nd4 b4 30. Nc2 Ra4 31. Rc8 b3 0-1

[Event "Stadtmeisterschaft Ulm/Neu-Ulm 2009"]
[Site "Ulm"]
[Date "2009.09.18"]
[Round "1"]
[White "Deißler, Helmut"]
[Black "Hengstberger, Ulli"]
[Result "1-0"]
[ECO "E95"]
[WhiteElo "1799"]
[BlackElo "1471"]
[Annotator ",Fred"]
[PlyCount "93"]
[EventDate "2009.??.??"]
[TimeControl "40/5400+30:0"]

1. d4 Nf6 2. c4 g6 3. Nc3 Bg7 4. Nf3 O-O 5. e4 d6 6. Be2 Nbd7 7. O-O e5 8. Re1
exd4 9. Nxd4 Nc5 10. Bf1 Re8 11. f3 a5 12. Bg5 Ne6 13. Be3 Bd7 14. Qd2 h5 15.
Rad1 Nh7 16. b3 g5 17. Nf5 Bxc3 18. Qxc3 Qf6 19. Qd2 Nhf8 20. g3 Ng6 21. Bg2
Ne7 22. Nd4 Nxd4 23. Bxd4 Qg6 24. Be3 f6 25. c5 Nc8 26. Rc1 Bc6 27. cxd6 Nxd6
28. Bd4 Nb5 29. Bb2 Red8 30. Qe3 Nd6 31. Qc3 Kf7 32. e5 fxe5 33. Rxe5 Re8 34.
f4 Rxe5 35. fxe5 Ne4 36. Qc4+ Ke7 37. Re1 b5 38. Qc2 Rd8 39. Bxe4 Bxe4 40. Qxe4
Qxe4 41. Rxe4 b4 42. Kf2 Ke6 43. Ke2 Kf5 44. Rc4 Rc8 45. Rc6 h4 46. gxh4 g4 47.
Ke3 1-0

[Event "Stadtmeisterschaft Ulm/Neu-Ulm 2009"]
[Site "Ulm"]
[Date "2009.09.18"]
[Round "1"]
[White "Andritzke, Karl-Heinz"]
[Black "Sander, Luzia"]
[Result "1-0"]
[ECO "A09"]
[WhiteElo "1414"]
[BlackElo "1786"]
[Annotator ",Fred"]
[PlyCount "137"]
[EventDate "2009.??.??"]
[TimeControl "40/5400+30:0"]

1. Nf3 d5 2. c4 d4 3. g3 c5 4. Bg2 Nc6 5. O-O e5 6. d3 Be7 7. b3 Nf6 8. a3 h6
9. Nbd2 Be6 10. Ne1 Qd7 11. Nc2 Bh3 12. Re1 Bxg2 13. Kxg2 h5 14. h4 Ng4 15. Nf1
Qf5 16. f3 Nh6 17. e4 Qg6 18. Bd2 Bxh4 19. Kh3 Be7 20. b4 O-O 21. bxc5 Bxc5 22.
Nb4 Ne7 23. Nd5 Qe6+ 24. Kg2 f5 25. Nc7 Qg6 26. Nxa8 Rxa8 27. Bxh6 gxh6 28.
exf5 Nxf5 29. Rxe5 Bd6 30. Rxf5 Qxf5 31. Qb3 Qf7 32. Re1 Rf8 33. Qd1 Bxa3 34.
Re4 Rd8 35. Rf4 Qg6 36. Qb3 Bc1 37. Re4 Qf7 38. Qd1 Bg5 39. f4 Bf6 40. Qe2 a5
41. Nd2 a4 42. Nf3 a3 43. Ne5 Qe8 44. Qa2 Be7 45. c5+ Kg7 46. Qxa3 Ra8 47. Qb4
Ra1 48. Qxd4 Ra2+ 49. Kf3 Bf6 50. Qd7+ Qxd7 51. Nxd7 Bc3 52. Re7+ Kg8 53. f5
Bd4 54. Re2 Ra5 55. Rc2 Kf7 56. Ke4 Bg1 57. d4 Ra4 58. Ne5+ Ke7 59. Nf3 Ra1 60.
Rb2 Kd8 61. Rxb7 Bf2 62. c6 Bxg3 63. Kd5 h4 64. Ne5 Rd1 65. f6 Kc8 66. f7 Rf1
67. Ng6 h3 68. Ne7+ Kd8 69. Rd7# 1-0

[Event "Stadtmeisterschaft Ulm/Neu-Ulm 2009"]
[Site "Ulm"]
[Date "2009.09.18"]
[Round "1"]
[White "Fuchs, Martin"]
[Black "Haitov, Haim"]
[Result "1-0"]
[ECO "B01"]
[WhiteElo "1753"]
[BlackElo "1386"]
[Annotator ",Fred"]
[PlyCount "113"]
[EventDate "2009.??.??"]
[TimeControl "40/5400+30:0"]

1. e4 d5 2. exd5 Qxd5 3. Nc3 Qd8 4. g3 Nf6 5. Bg2 c6 6. Nge2 Bf5 7. O-O e5 8.
d4 Nbd7 9. Bg5 Be7 10. dxe5 Nxe5 11. Bxf6 Bxf6 12. Ne4 Be7 13. Nd4 Bg6 14. c3
Qc7 15. Re1 O-O 16. Qb3 Kh8 17. f4 Nd3 18. Re3 f5 19. Rxd3 fxe4 20. Re3 Bf7 21.
Qc2 Qb6 22. Bxe4 g6 23. Kg2 Bc5 24. Rd3 Rae8 25. Bf3 Bd5 26. Rd2 Re3 27. b3 Bf7
28. Rad1 Rfe8 29. Re2 a5 30. Rxe3 Rxe3 31. f5 Kg7 32. Be4 Rxe4 33. Qxe4 Bd5 34.
Ne6+ Kf6 35. Rxd5 cxd5 36. Qxd5 Bg1 37. Qd8+ Kxf5 38. Qxb6 Bxb6 39. Nf4 Ke5 40.
Kf3 Ba7 41. h3 b5 42. g4 g5 43. Nh5 Bc5 44. Ng3 Kd5 45. Ne4 Be7 46. Ke3 h6 47.
Kd3 Bd8 48. c4+ bxc4+ 49. bxc4+ Kc6 50. Ng3 Bf6 51. Nf5 Kc5 52. Ne3 Be5 53. Nf5
a4 54. Ne3 Bd4 55. Nd1 Bf6 56. Nc3 a3 57. Ne4+ 1-0

[Event "Stadtmeisterschaft Ulm/Neu-Ulm 2009"]
[Site "Ulm"]
[Date "2009.09.18"]
[Round "1"]
[White "Meier, Dennis"]
[Black "Hackstein, Urs"]
[Result "1-0"]
[ECO "D15"]
[WhiteElo "1378"]
[BlackElo "1747"]
[Annotator ",Fred"]
[PlyCount "83"]
[EventDate "2009.??.??"]
[TimeControl "40/5400+30:0"]

1. d4 d5 2. Nf3 c6 3. c4 dxc4 4. Nc3 Nf6 5. Bf4 e6 6. e3 Bd6 7. Bxd6 Qxd6 8.
Bxc4 O-O 9. O-O b5 10. Bd3 Bb7 11. Ne4 Nxe4 12. Bxe4 h6 13. Rc1 f5 14. Bd3 Nd7
15. Qb3 a6 16. Nh4 Rf6 17. Nxf5 Qf8 18. Ng3 Kh8 19. Nh5 e5 20. Nxf6 Qxf6 21. d5
c5 22. Be2 e4 23. a4 Qe5 24. axb5 Bxd5 25. Qc3 Qg5 26. bxa6 Be6 27. g3 Bh3 28.
Rfd1 Rf8 29. Bf1 Bg4 30. Rxd7 Bxd7 31. Qxc5 Qf6 32. Qc2 Bg4 33. Ra1 Ra8 34.
Qxe4 Bf3 35. Qb1 Qc6 36. b4 Bh1 37. b5 Qd5 38. b6 Be4 39. Qb2 Qf5 40. Bg2 Bxg2
41. Kxg2 Qd5+ 42. Kg1 1-0

[Event "Stadtmeisterschaft Ulm/Neu-Ulm 2009"]
[Site "Ulm"]
[Date "2009.09.18"]
[Round "1"]
[White "Unseld, Rolf"]
[Black "Huppertz, Anton"]
[Result "1-0"]
[ECO "B21"]
[WhiteElo "1740"]
[BlackElo "1349"]
[Annotator ",Fred"]
[PlyCount "39"]
[EventDate "2009.??.??"]
[TimeControl "40/5400+30:0"]

1. e4 c5 2. d4 cxd4 3. c3 d6 4. cxd4 Nc6 5. Nf3 Bg4 6. Be2 Bxf3 7. Bxf3 e5 8.
d5 Nce7 9. Bg4 Nf6 10. Qa4+ Nd7 11. Be3 a6 12. Bb6 Qc8 13. Nd2 Nc6 14. Bxd7+
Qxd7 15. dxc6 bxc6 16. Rc1 c5 17. Qxd7+ Kxd7 18. O-O Be7 19. Nc4 Rhc8 20. Ba5
1-0

[Event "Stadtmeisterschaft Ulm/Neu-Ulm 2009"]
[Site "Ulm"]
[Date "2009.09.18"]
[Round "1"]
[White "von Koschitzky, ignatio"]
[Black "Krauß, Rainer"]
[Result "1-0"]
[ECO "D02"]
[WhiteElo "1305"]
[BlackElo "1726"]
[Annotator ",Fred"]
[PlyCount "67"]
[EventDate "2009.??.??"]
[TimeControl "40/5400+30:0"]

1. d4 d5 2. Nf3 Nc6 3. e3 Nf6 4. Nbd2 Bg4 5. c3 e5 6. Be2 e4 7. Ne5 Nxe5 8.
dxe5 Bxe2 9. Qxe2 Nd7 10. O-O c6 11. f4 exf3 12. Nxf3 Qc7 13. e4 Bc5+ 14. Kh1
dxe4 15. Qxe4 O-O 16. Bf4 Qb6 17. b4 Be7 18. e6 f5 19. Qc4 Nf6 20. Bg5 Kh8 21.
Ne5 Qc7 22. Nf7+ Rxf7 23. exf7 Ng4 24. Bf4 Qb6 25. Qd4 Qxd4 26. cxd4 Rf8 27. h3
Nf6 28. Be5 Rxf7 29. Rxf5 Bxb4 30. Rb1 a5 31. a3 Bxa3 32. Bxf6 gxf6 33. Rxa5
Be7 34. Rxb7 1-0

[Event "Stadtmeisterschaft Ulm/Neu-Ulm 2009"]
[Site "Ulm"]
[Date "2009.09.18"]
[Round "1"]
[White "Zierke, Markus"]
[Black "Schmollinger, Jonathan"]
[Result "1-0"]
[ECO "A43"]
[WhiteElo "1725"]
[BlackElo "1262"]
[Annotator ",Fred"]
[PlyCount "83"]
[EventDate "2009.??.??"]
[TimeControl "40/5400+30:0"]

1. d4 c5 2. e3 e6 3. f4 Nc6 4. Nf3 Nf6 5. c3 a6 6. Bd3 b5 7. O-O Bb7 8. Nbd2 b4
9. f5 Nd5 10. fxe6 dxe6 11. Ne4 cxd4 12. Nfg5 Nf6 13. Nxf6+ gxf6 14. Qh5 Qe7
15. exd4 fxg5 16. Bxg5 Qd7 17. Bf6 Rg8 18. g3 Qd5 19. Qxd5 exd5 20. Bxh7 Rg4
21. Rf3 Bd6 22. Re1+ Kf8 23. Bf5 Rg8 24. Bd7 Ne7 25. Rfe3 bxc3 26. bxc3 Rg6 27.
Bxe7+ Bxe7 28. Rxe7 Bc6 29. Re8+ Rxe8 30. Rxe8+ Kg7 31. Bxc6 Rxc6 32. Re3 Kg6
33. Kf2 Kg5 34. Re5+ Kg4 35. Kg2 f5 36. h3+ Kg5 37. g4 Rxc3 38. Rxf5+ Kg6 39.
Rxd5 Rc2+ 40. Kg3 Rxa2 41. h4 Re2 42. Rd6+ 1-0

[Event "Stadtmeisterschaft Ulm/Neu-Ulm 2009"]
[Site "Ulm"]
[Date "2009.09.18"]
[Round "1"]
[White "Krapf, Katharina"]
[Black "Lepschi, Albert"]
[Result "0-1"]
[ECO "E14"]
[WhiteElo "1225"]
[BlackElo "1716"]
[Annotator ",Fred"]
[PlyCount "110"]
[EventDate "2009.??.??"]
[TimeControl "40/5400+30:0"]

1. c4 Nf6 2. Nc3 e6 3. d4 d5 4. e3 Be7 5. Nf3 O-O 6. Bd3 b6 7. O-O Bb7 8. Ne5
c5 9. dxc5 Bxc5 10. cxd5 exd5 11. Qc2 Qe7 12. Nf3 h6 13. Bd2 Nbd7 14. Rfe1 Ne5
15. Nd4 Nxd3 16. Qxd3 Qd7 17. Rac1 Rfe8 18. Ncb5 Ne4 19. b4 Ba6 20. bxc5 bxc5
21. Rc2 cxd4 22. Rb1 Nxd2 23. Rxd2 dxe3 24. fxe3 Rab8 25. a4 Qe6 26. Qxd5 Qxe3+
27. Kf1 Bxb5+ 28. axb5 a6 29. Rdb2 Rxb5 30. Rxb5 Qe2+ 31. Kg1 axb5 32. Rf1 Qc4
33. Qd7 Rb8 34. Qd6 Ra8 35. Qb6 Rc8 36. Rb1 Qc5+ 37. Qxc5 Rxc5 38. Kf2 Kf8 39.
Kf3 Ke7 40. Rb2 Kd7 41. Ke4 Kc6 42. Kd4 Rc4+ 43. Ke5 Kc5 44. Rf2 Rc1 45. Ke4 f6
46. Kf5 b4 47. Kg6 b3 48. Kxg7 Rc2 49. Rf5+ Kb4 50. Kxh6 Rxg2 51. Rf4+ Ka3 52.
Rf3 Rxh2+ 53. Kg6 Ka2 54. Rxf6 b2 55. Ra6+ Kb1 0-1

[Event "Stadtmeisterschaft Ulm/Neu-Ulm 2009"]
[Site "Ulm"]
[Date "2009.09.18"]
[Round "1"]
[White "Schäufele, Jörg"]
[Black "Kirn, Philipp"]
[Result "1-0"]
[ECO "C29"]
[WhiteElo "1705"]
[BlackElo "1130"]
[Annotator ",Fred"]
[PlyCount "41"]
[EventDate "2009.??.??"]
[TimeControl "40/5400+30:0"]

1. e4 e5 2. Nc3 Nf6 3. f4 d6 4. Nf3 Bg4 5. h3 Bxf3 6. Qxf3 Nbd7 7. Bc4 Nc5 8.
d3 Be7 9. b4 Ncd7 10. O-O O-O 11. Ne2 Nb6 12. Bb3 d5 13. fxe5 dxe4 14. dxe4
Nfd7 15. Qg3 Bh4 16. Qf4 Qe7 17. Bb2 Rae8 18. Qg4 Bg5 19. Rf5 h6 20. Raf1 Qxb4
21. Rxf7 1-0

[Event "Stadtmeisterschaft Ulm/Neu-Ulm 2009"]
[Site "Ulm"]
[Date "2009.09.18"]
[Round "1"]
[White "Maftaj, Miftar"]
[Black "Kühn, Bernd"]
[Result "0-1"]
[ECO "D03"]
[WhiteElo "796"]
[BlackElo "1702"]
[Annotator ",Fred"]
[PlyCount "30"]
[EventDate "2009.??.??"]
[TimeControl "40/5400+30:0"]

1. d4 Nf6 2. Nf3 e6 3. Nc3 d5 4. Bg5 Nbd7 5. e3 Be7 6. Ne5 c6 7. Bd3 h6 8. Bxf6
Bxf6 9. Qh5 Bxe5 10. dxe5 Qc7 11. Qg4 Qxe5 12. O-O O-O 13. Rae1 Nf6 14. e4 Nxg4
15. exd5 Qxh2# 0-1

[Event "Stadtmeisterschaft Ulm/Neu-Ulm 2009"]
[Site "Ulm"]
[Date "2009.09.25"]
[Round "2"]
[White "Wolf, Rainer"]
[Black "Lell, Stephan"]
[Result "1-0"]
[ECO "A04"]
[WhiteElo "1961"]
[BlackElo "1494"]
[Annotator ",Fred"]
[PlyCount "119"]
[EventDate "2009.??.??"]
[TimeControl "40/5400+30:0"]

1. Nf3 f5 2. e3 Nf6 3. d4 e6 4. c4 Be7 5. Nc3 d6 6. Be2 O-O 7. O-O Qe8 8. b4 a6
9. a4 Nbd7 10. Qb3 Ne4 11. Nxe4 fxe4 12. Nd2 Nf6 13. f3 exf3 14. Bxf3 c6 15.
Bb2 Kh8 16. e4 Bd7 17. e5 dxe5 18. dxe5 Nh5 19. Ne4 Qg6 20. Rad1 Rad8 21. Kh1
Bc8 22. Nd6 Bxd6 23. exd6 Nf6 24. Qc3 Bd7 25. Qd4 Bc8 26. Rfe1 Rfe8 27. Be4
Nxe4 28. Rxe4 Rxd6 29. Qxg7+ Qxg7 30. Bxg7+ Kxg7 31. Rxd6 Kf7 32. Rh4 Kg7 33.
Kg1 e5 34. Kf2 Re7 35. Ke3 Bf5 36. a5 Bg6 37. Rg4 Kh6 38. b5 cxb5 39. cxb5 axb5
40. Rb4 Kg5 41. h4+ Kh5 42. g3 Be8 43. Rf6 Bd7 44. Rf8 Kh6 45. Rg8 Re6 46. h5
Re7 47. g4 Be6 48. Rd8 Bc4 49. Rb1 Kg5 50. Rf8 Kh6 51. Rg1 b4 52. Rf6+ Kg5 53.
Rf5+ Kh6 54. g5+ Kg7 55. h6+ Kg8 56. Rd1 Re8 57. Rd7 Be6 58. Rg7+ Kh8 59. Rxe5
b3 60. Rxb7 1-0